 Dungeon Crawl Stone Soup version 0.17-a0-1942-g46ae386 (webtiles) character file.

50 ololoev the Slasher (level 3, 0/26 HPs)
             Began as a High Elf Fighter on Sept 30, 2015.
             Killed from afar by Pikaro's ghost (4 damage)
             ... with a sting
             ... on level 3 of the Dungeon.
             The game lasted 00:03:06 (335 turns).

ololoev the Slasher (High Elf Fighter)               Turns: 335, Time: 00:03:06

Health: 0/26       AC:  6    Str: 16      XL:     3   Next: 55%
Magic:  4/4        EV:  6    Int:  9 (12) God:
Gold:   16         SH:  8    Dex: 14      Spells: 0 memorised, 2 levels left

rFire  . . .     SeeInvis .     a - +0 scimitar
rCold  . . .     Clarity  .     b - +0 scale mail
rNeg   . . .     SustAt   .     c - +0 shield
rPois  .         Gourm    .     (helmet restricted)
rElec  .         Spirit   .     (no cloak)
rCorr  .         Warding  .     (no gloves)
rMut   .         Stasis   .     (no boots)
MR     .....                    (no amulet)
Stlth  ..........               (no ring)
                                (no ring)

@: lethally poisoned (0 -> -4), not resistant to hostile enchantments, extremely
unstealthy
A: antennae 1, mutation resistance 1, wild magic 1
a: no special abilities


Innate Abilities, Weirdness & Mutations

You have a pair of small antennae on your head.
You are somewhat resistant to further mutation.
Your spells are a little harder to cast, but a little more powerful.

Inventory:

Hand weapons
 a - a +0 scimitar (weapon)
Armour
 b - a +0 scale mail (worn)
 c - a +0 shield (worn)
Jewellery
 d - an uncursed ring of ice
Comestibles
 e - a bread ration
 i - a meat ration


   Skills:
 + Level 3.6 Fighting
 * Level 3.7 Long Blades
 + Level 3.0 Armour
 - Level 2.6 Shields


You had 2 spell levels left.
You didn't know any spells.


You were on level 3 of the Dungeon.
You were not hungry.

You visited 1 branch of the dungeon, and saw 4 of its levels.

You collected 16 gold pieces.

#......<# #..........##. #
#.......# #..####....... #>
?.......# #..#..........
##.##.......# #..#.######...
#?..........###.............
#......####..###.#.######.#.
#...... ##.###.#......#.#.
#......#####..##.######)#.#.
#.......W..@...(............
#......######.##.####>#.#.#.
#...... #..#.# #.#)#...
....... ...... ....#...
..##### ###...####.###.## .
##.... ... ..# #..####.#####
##.# #.#

Notes
Turn   | Place    | Note
--------------------------------------------------------------
     0 | D:1      | ololoev the High Elf Fighter began the quest for the Orb.
     0 | D:1      | Reached XP level 1. HP: 16/16 MP: 2/2
    24 | D:2      | Noticed Terence
    31 | D:2      | Killed Terence
    31 | D:2      | Reached XP level 2. HP: 21/21 MP: 3/3
    31 | D:2      | Reached XP level 3. HP: 26/26 MP: 4/4
   207 | D:3      | Gained mutation: You have a pair of small antennae on your head. [potion of mutation]
   207 | D:3      | Gained mutation: Your spells are a little harder to cast, but a little more powerful. [potion of mutation]
   207 | D:3      | Gained mutation: You are somewhat resistant to further mutation. [potion of mutation]
   229 | D:3      | Noticed Pikaro's ghost (average DrVM)
   335 | D:3      | Killed from afar by Pikaro's ghost

Dungeon Overview and Level Annotations

Branches:
Dungeon (4/15)
 Temple: D:4-7

Altars:

Annotations:
D:3 Pikaro's ghost, average DrVM


Message History

The orc is almost dead.
The orc barely misses you.
You hit the orc.
You kill the orc!
Things that are here:
a war axe; a scimitar; a club
f - a scimitar Drop what? 8/52 slots (_ for help) (? for menu, Esc to quit)
You are now empty-handed.
You drop a +0 long sword.
Wield which item (- for none, * to show all)? (? for menu, Esc to quit)
f - a +0 scimitar (weapon)
a - a +0 scimitar (weapon)
Unknown command.
Unknown command.
Drop what? 7/52 slots (_ for help) (? for menu, Esc to quit)
Okay, then.
Put on which piece of jewellery? (? for menu, Esc to quit)
You remove your ring of ice.
Read which item? (? for menu, Esc to quit)
As you read the scroll labeled UTOUSE QAAMER, it crumbles to dust.
You assume a fearsome visage.
Nothing appears to happen.
It was a scroll of fear.
You aren't carrying any potions.
Things that are here:
4 tomahawks; an enchanted flail; an orc corpse The orc shouts!
Found a scroll labeled QYESOVO YPPA.
Pikaro's ghost turns its malevolent gaze towards you.
You block the orc's attack.
Found a stone staircase leading down.
You closely miss the orc. The orc hits you but does no damage.
You hit the orc.
You kill the orc!
Press: ? - help, v - describe, . - travel
Here: Pikaro's ghost The floor.
Pikaro's ghost points at you and mumbles some strange words.
The sting hits you!
You are lethally poisoned!
You die...

You could see Pikaro's ghost.

Vanquished Creatures
  Terence (D:2)
  A giant gecko (D:2)
  8 orcs (D:3)
  2 hobgoblins
  A quokka (D:2)
  A bat (D:2)
  A giant newt (D:2)
  A goblin (D:1)
16 creatures vanquished.

Action                   || total
-------------------------++-------
Melee: Long sword        ||    59
       Scimitar          ||     2
  Use: Potion            ||     4
       Scroll            ||     1

Vault maps used:
D:1:      dpeg_arrival_tiny_c, minmay_cut_off
D:2:      uniq_terence, uniq_jessica
D:4:      serial_shops, shop, first_bread
